 Dungeon Crawl Stone Soup version 0.26-a0-519-gb2f46efeda (webtiles) character file.

Game seed: 10560243010643323432

10390 Leibowitz the Covert (level 11, -8/68 HPs)
             Began as a Kobold Gladiator on Aug 7, 2020.
             Was a High Priest of Okawaru.
             Killed from afar by Josephine (18 damage)
             ... with a ghostly fireball
             ... on level 2 of the Orcish Mines on Aug 10, 2020.
             The game lasted 00:39:46 (12441 turns).

Leibowitz the Covert (Kobold Gladiator)            Turns: 12441, Time: 00:39:46

Health: -8/68      AC:  6    Str: 15    XL:     11   Next: 92%
Magic:  11/11      EV: 37    Int:  9    God:    Okawaru [*****.]
Gold:   359        SH:  7    Dex: 29    Spells: 10/10 levels left

rFire    . . .     SeeInvis .   b - +3 dagger (venom)
rCold    + . .     Faith    .   L - +0 buckler
rNeg     . . .     Spirit   .   N - +0 leather armour of Fabulous Intercession {Str+3 Slay+5} (curse)
rPois    .         Reflect  .   c - +0 helmet
rElec    .         Harm     .   d - scarf {repulsion}
rCorr    +         NoCast   +   (no gloves)
MR       .....                  Q - +0 pair of boots of Midsummer {-Cast rCorr Dex+9}
Stlth    ++++++....             O - amulet of the acrobat (curse)
HPRegen  0.21/turn              t - ring of flight
MPRegen  0.12/turn              R - ring of protection from cold

@: acrobat, heavily drained, repel missiles
A: small, nightstalker 3
a: Heroism, Finesse, Renounce Religion, Evoke Flight


You were on level 2 of the Orcish Mines.
You worshipped Okawaru.
Okawaru was extremely pleased with you.
You visited 3 branches of the dungeon, and saw 13 of its levels.

You collected 818 gold pieces.
You spent 459 gold pieces at shops.

Inventory:

Hand Weapons
 a - a +4 short sword
 b - a +3 dagger of venom (weapon)
 B - a +4 dagger
Missiles
 C - a throwing net (quivered)
Armour
 c - a +0 helmet (worn)
 d - a scarf of repulsion (worn)
 D - a +2 scale mail of poison resistance
 L - a +0 buckler (worn)
 N - the cursed +0 leather armour of Fabulous Intercession (worn) {Str+3 Slay+5}
   (You bought it in a shop on level 10 of the Dungeon)

   It affects your strength (+3).
   It affects your accuracy and damage with ranged weapons and melee attacks
   (+5).
   It has a curse placed upon it.
 Q - the +0 pair of boots of Midsummer (worn) {-Cast rCorr Dex+9}
   (You bought it in a shop on level 10 of the Dungeon)

   It affects your dexterity (+9).
   It prevents spellcasting.
   It provides partial protection from all sources of acid and corrosion.
Jewellery
 p - an uncursed amulet of regeneration
 t - a ring of flight (left hand)
 v - an uncursed ring of teleportation
 G - a +6 ring of intelligence
 K - an uncursed amulet of guardian spirit
 O - a cursed amulet of the acrobat (around neck)
 R - a ring of protection from cold (right hand)
Wands
 k - a wand of iceblast (16)
 y - a wand of random effects (35)
 z - a wand of flame (30)
 F - a wand of enslavement (7)
 H - a wand of polymorph (10)
 M - a wand of paralysis (3)
Scrolls
 f - 14 scrolls of identify
 g - 6 scrolls of remove curse
 h - a scroll of magic mapping {unknown}
 i - a scroll of random uselessness {unknown}
 l - 2 scrolls of amnesia {unknown}
 m - 2 scrolls of noise {unknown}
 s - 4 scrolls of enchant weapon {unknown}
 w - 4 scrolls of enchant armour {unknown}
 x - a scroll of fog {unknown}
 E - a scroll of immolation {unknown}
 P - 2 scrolls of blinking {unknown}
 S - 4 scrolls of teleportation {unknown}
Potions
 e - a potion of heal wounds
 j - 5 potions of stabbing
 n - 2 potions of resistance {unknown}
 o - 3 potions of curing {unknown}
 q - a potion of lignification {unknown}
 r - a potion of berserk rage {unknown}
 u - a potion of degeneration {unknown}
 A - a potion of brilliance {unknown}
 I - 3 potions of haste {unknown}
 J - 2 potions of invisibility {unknown}
 T - a potion of might {unknown}


   Skills:
 * Level 8.3(6.5) Fighting
 - Level 10.5(8.6) Short Blades
 - Level 2.1(0.7) Throwing
 * Level 6.4(4.7) Armour
 * Level 9.1(7.3) Dodging
 * Level 12.8(10.8) Stealth
 * Level 3.4(1.9) Shields


You had 10 spell levels left.
You didn't know any spells.
Your spell library contained the following spells:

 Spells                   Type           Power        Failure   Level
 Animate Skeleton         Necr           #.....       56%         1
 Apportation              Tloc           #.....       56%         1
 Corona                   Hex            #......      56%         1
 Summon Small Mammal      Summ           #...         56%         1


Dungeon Overview and Level Annotations

Branches:
Dungeon (10/15)            Temple (0/1) D:7            Lair (1/6) D:8
    Orc (2/2) D:10
    Elf: Orc:2

Altars:
Dithmenos
Fedhas
Gozag
Hepliaklqana
Okawaru
Qazlal
Sif Muna
Trog
Wu Jian
Yredelemnul
Zin
The Shining One

Shops:
D:5 *   D:7 *(   D:8 (   D:10 [[

Annotations:
D:4 2 transporters, Sassenached's ghost, amateur DgWn
Orc:2 Josephine


Innate Abilities, Weirdness & Mutations

You are small and have problems with some larger weapons.
You are completely attuned to the shadows.


Message History

You block the wraith's attack. The wraith completely misses you.
A wraith comes into view.
Josephine says, "How about some decapitation?"
You block the wraith's attack. 2 wraiths come into view.
Josephine casts a spell at you.
The ghostly flame explodes!
The ghostly fireball engulfs the wraith.
The wraith completely resists.
The ghostly fireball engulfs you!!!
You feel drained.
Ouch! That really hurt!
* * * LOW HITPOINT WARNING * * *
You hear a shout! x3
Josephine casts a spell at you.
The ghostly flame explodes!
The ghostly fireball engulfs the wraith.
The wraith completely resists.
The ghostly fireball engulfs you!!
You feel drained.
You die...

############ ### ###
##..##.##...###.#######.##
#.................##.#...##
##.....#........@.W.......##
.##........#....#W#........#
.#...............#.#......#######
....................@.....###.##.
......... .....................
...#.... ...........#.....##.
....... .....#..........### #....
....#....#..#..# #...#....##.....


You could see Josephine (very poisoned) and 2 wraiths.

Vanquished Creatures
  Harold (D:7)
  A two-headed ogre (D:5)
  An orc knight (Orc:1)
  2 cane toads (Lair:1)
  2 komodo dragons (Lair:1)
  2 trolls
  A wraith (D:8)
  Menkaure (D:6)
  3 wargs
  A water moccasin (Lair:1)
  9 orc warriors
  A phantom (D:8)
  2 sky beasts
  2 black bears (D:8)
  2 wolves
  9 ogres
  2 ice beasts
  4 centaurs
  A crocodile (Lair:1)
  10 bullfrogs
  A wyvern skeleton (D:10)
  3 scorpions
  A water moccasin skeleton (D:9)
  9 wights
  8 electric eels
  3 howler monkeys
  A centaur zombie (D:6)
  2 quasits (D:8)
  4 human zombies (D:8)
  11 hounds
  10 orc wizards
  10 orc priests
  3 human skeletons (D:8)
  2 iguanas (D:5)
  A bullfrog skeleton (D:5)
  9 worker ants
  An ogre zombie (D:8)
  A hound skeleton (D:9)
  A worker ant zombie (D:6)
  13 gnolls
  10 adders
  A howler monkey skeleton (D:9)
  A shadow imp (D:5)
  A white imp (D:9)
  2 ufetubi
  4 oozes
  An adder zombie (D:8)
  2 adder skeletons
  5 worms
  3 dart slugs
  3 leopard geckos
  62 orcs
  2 ball pythons
  5 giant cockroaches
  5 goblins
  4 hobgoblins
  14 jackals
  6 kobolds
  A quokka (D:7)
  12 bats
  8 frilled lizards
  A leopard gecko skeleton (D:4)
  An orc zombie (D:8)
  A rat (D:3)
306 creatures vanquished.

Vanquished Creatures (others)
  A bush (Lair:1)
  2 plants (Lair:1)
3 creatures vanquished.

Grand Total: 309 creatures vanquished

Notes
Turn   | Place    | Note
-------+----------+-------------------------------------------
     0 | D:1      | Leibowitz the Kobold Gladiator began the quest for the Orb.
     0 | D:1      | Reached XP level 1. HP: 12/12 MP: 1/1
    79 | D:1      | Reached XP level 2. HP: 15/17 MP: 2/2
   299 | D:1      | Reached skill level 1 in Stealth
   299 | D:1      | Reached XP level 3. HP: 22/22 MP: 3/3
   953 | D:2      | You fall into a shaft and drop 2 floors!
   978 | D:4      | Reached skill level 5 in Short Blades
   978 | D:4      | Reached skill level 2 in Stealth
   978 | D:4      | Reached XP level 4. HP: 10/27 MP: 4/4
  1591 | D:3      | Found an opulent altar of Gozag.
  1629 | D:3      | Reached skill level 1 in Armour
  1629 | D:3      | Reached XP level 5. HP: 25/31 MP: 5/5
  1881 | D:2      | Found a glowing golden altar of the Shining One.
  1882 | D:2      | Found a stormy altar of Qazlal.
  2187 | D:2      | Reached XP level 6. HP: 26/36 MP: 6/6
  2425 | D:2      | Reached skill level 3 in Stealth
  3470 | D:4      | Found a transporter.
  3473 | D:4      | Noticed Sassenached's ghost (amateur DgWn)
  3648 | D:4      | Found a transporter.
  4014 | D:5      | Entered Level 5 of the Dungeon
  4025 | D:5      | Reached skill level 4 in Stealth
  4029 | D:5      | Reached XP level 7. HP: 38/41 MP: 7/7
  4075 | D:5      | Noticed a two-headed ogre
  4090 | D:5      | Killed a two-headed ogre
  4090 | D:5      | Reached skill level 5 in Dodging
  4090 | D:5      | Reached skill level 7 in Stealth
  4090 | D:5      | Reached XP level 8. HP: 47/48 MP: 8/8
  4220 | D:5      | Found an iron altar of Okawaru.
  4234 | D:5      | Became a worshipper of Warmaster Okawaru
  4306 | D:5      | Found Kyexusi's Assorted Antiques.
  4334 | D:5      | Reached skill level 8 in Stealth
  4407 | D:5      | Found a blossoming altar of Fedhas.
  4609 | D:5      | Reached XP level 9. HP: 38/52 MP: 9/9
  4991 | D:6      | Reached * piety under Okawaru
  5085 | D:6      | Noticed Menkaure
  5089 | D:6      | Killed Menkaure
  5089 | D:6      | Reached skill level 9 in Stealth
  5311 | D:6      | Reached skill level 5 in Fighting
  6162 | D:7      | Noticed Harold
  6164 | D:7      | Killed Harold
  6164 | D:7      | Reached ** piety under Okawaru
  6164 | D:7      | Reached *** piety under Okawaru
  6164 | D:7      | Reached skill level 10 in Short Blades
  6164 | D:7      | Reached skill level 10 in Stealth
  6164 | D:7      | Reached XP level 10. HP: 52/60 MP: 10/10
  6198 | D:7      | Found Atodghua's General Store.
  6458 | D:7      | Found a staircase to the Ecumenical Temple.
  6594 | D:7      | Found a shimmering blue altar of Sif Muna.
  6601 | D:7      | Found a glowing silver altar of Zin.
  6611 | D:7      | Found an ornate altar of the Wu Jian Council.
  6614 | D:7      | Found a hazy altar of Hepliaklqana.
  6636 | D:7      | Found Ipaes's Antique Weapon Shoppe.
  7297 | D:8      | Upgraded the game from 0.26-a0-501-g57170428f2 to
                  | 0.26-a0-505-g732bf3b8d2
  7426 | D:8      | Found a staircase to the Lair.
  7451 | Lair:1   | Entered Level 1 of the Lair of Beasts
  7458 | Lair:1   | Noticed a cane toad
  7477 | Lair:1   | Killed a cane toad
  7605 | Lair:1   | Noticed a komodo dragon
  7632 | Lair:1   | Killed a komodo dragon
  7632 | Lair:1   | Reached **** piety under Okawaru
  7662 | Lair:1   | Noticed a cane toad
  7670 | Lair:1   | Reached skill level 11 in Stealth
  7727 | Lair:1   | Noticed a komodo dragon
  7739 | Lair:1   | Reached skill level 1 in Shields
  7788 | Lair:1   | Killed a cane toad
  7792 | Lair:1   | Killed a komodo dragon
  7792 | Lair:1   | Reached skill level 5 in Armour
  8017 | Lair:1   | Reached XP level 11. HP: 67/67 MP: 11/11
  8041 | Lair:1   | Found a shadowy altar of Dithmenos.
  8088 | Lair:1   | Noticed a six-headed hydra
  8649 | D:8      | Reached ***** piety under Okawaru
  8752 | D:8      | Found a basalt altar of Yredelemnul.
  8955 | D:8      | Found Hoohas's Weapon Boutique.
  9601 | D:9      | Found a bloodstained altar of Trog.
 10450 | D:9      | Paralysed by a wight for 5 turns
 10625 | D:9      | Upgraded the game from 0.26-a0-505-g732bf3b8d2 to
                  | 0.26-a0-519-gb2f46efeda
 10663 | D:10     | Entered Level 10 of the Dungeon
 10866 | D:10     | Found Jotad's Antique Armour Boutique.
 10871 | D:10     | Bought a transparent leather armour for 203 gold pieces
 10881 | D:10     | Identified the cursed +0 leather armour of Fabulous
                  | Intercession {Str+3 Slay+5} (You bought it in a shop on
                  | level 10 of the Dungeon)
 11105 | D:10     | Reached skill level 12 in Stealth
 11285 | D:10     | Found Beicw's Antique Armour Boutique.
 11301 | D:10     | Bought a pair of dazzling boots for 256 gold pieces
 11306 | D:10     | Identified the +0 pair of boots of Midsummer {-Cast rCorr
                  | Dex+9} (You bought it in a shop on level 10 of the Dungeon)
 11388 | D:10     | Found a staircase to the Orcish Mines.
 11830 | Orc:1    | Entered Level 1 of the Orcish Mines
 11830 | Orc:1    | Noticed an orc knight
 11831 | Orc:1    | Killed an orc knight
 12240 | Orc:2    | Entered Level 2 of the Orcish Mines
 12419 | Orc:2    | Noticed Josephine
 12441 | Orc:2    | Killed from afar by Josephine

Illustrated notes

Levels and vault maps discovered:
D:1:      lightli_arrival_farm, layout_loops_ring
D:2:      layout_basic, minitemple
D:3:      layout_rooms, grunt_gozag_breadcrumbs, hex_large,
          minmay_misc_feat_nine_boxes
D:4:      layout_cave_pools, gammafunk_ghost_stat_death, serial_glass,
          glass_columns_a, glass_columns_a
D:5:      layout_cave_pools, nicolae_overflow_crystal_walls,
          overflow_temple_1_default, serial_shops,
          nicolae_shop_overgrown_old_shop, wad_rectangle_vault
D:6:      layout_loops_corners, uniq_menkaure
D:7:      layout_cave_pools, grunt_temple_overflow_cloverleaf,
          minmay_temple_entry_grid, serial_shops, shop,
          nicolae_shop_statue_plus, minmay_fountain_box, lightli_orcish_oven,
          uniq_harold
D:8:      layout_gridville, lemuel_mausoleum_altar_yredelemnul,
          erik_lair_island, serial_shops, shop
D:9:      layout_cave_pods, bloody_trog
D:10:     layout_basic, david_orc_1_choice, serial_shops, shop, shop
Lair:1:   layout_regular_city, basic_altar, beast_lair_carwin_1,
          grunt_megastairs_5, infiniplex_staircase_pool_2
Orc:1:    layout_caves
Orc:2:    pf_orc_diabolical, layout_caves, uniq_josephine

Skill      XL: |  1  2  3  4  5  6  7  8  9 10 11 |
---------------+----------------------------------+-----
Dodging        | 4 5 7 8 9 |  9.1
Stealth        | 1 2 4 7 8 10 11 12 | 12.8
Short Blades   | 5 6 7 8 10 | 10.5
Armour         | 1 2 3 5 6 |  6.4
Fighting       | 3 4 5 7 8 |  8.3
Shields        | 1 3 |  3.4
Throwing       | |  2.1

Action                   |  1- 3 |  4- 6 |  7- 9 | 10-12 || total
-------------------------+-------+-------+-------+-------++-------
Melee: Rapier            |    99 |    17 |       |       ||   116
       Short sword       |       |   153 |   248 |   364 ||   765
       Dagger            |       |       |    10 |   468 ||   478
Throw: Throwing net      |     2 |       |     2 |     6 ||    10
Invok: Heroism           |       |       |       |     2 ||     2
Evoke: Wand              |       |       |       |     3 ||     3
  Use: Scroll            |       |     2 |       |       ||     2
       Potion            |       |     1 |       |     4 ||     5
 Stab: Sleeping          |     7 |    21 |    12 |    26 ||    66
       Held in net/web   |       |       |     2 |     6 ||     8
       Distracted        |       |       |     4 |     2 ||     6
Armor: Leather armour    |    12 |    27 |    20 |     6 ||    65
       Scale mail        |       |       |       |   121 ||   121
Dodge: Dodged            |    75 |   102 |   139 |   422 ||   738
       Repelled          |       |       |     1 |     6 ||     7
Block: Buckler           |       |       |       |   121 ||   121

Table legend: (Time is in decaauts)
 A = Elapsed time spent in this place.
 B = Non-inter-level travel time spent in this place.
 C = Inter-level travel time spent in this place.
 D = Time resting spent in this place.
 E = Time spent auto-exploring this place.
 F = Levels seen in this place.
 G = Mean time per level.
                   A        B        C        D        E       F      G
               +--------+--------+--------+--------+--------+-----+--------+
         Total |  12015 |  11697 |    318 |   1813 |   7383 |  13 |  924.2 |
       Dungeon |  10829 |  10532 |    297 |   1227 |   7030 |  10 | 1082.9 |
          Lair |    617 |    603 |     14 |    378 |     93 |   1 |  617.0 |
  Orcish Mines |    568 |    562 |      6 |    208 |    260 |   2 |  284.0 |
               +--------+--------+--------+--------+--------+-----+--------+

Top non-repeatable levels by time:
     D:8: 1737 daAuts
     D:2: 1277 daAuts
    D:10: 1163 daAuts
     D:6: 1158 daAuts
     D:9: 993 daAuts
     D:3: 934 daAuts
     D:1: 931 daAuts
     D:7: 895 daAuts
     D:4: 891 daAuts
     D:5: 846 daAuts
  Lair:1: 617 daAuts
   Orc:1: 380 daAuts
   Orc:2: 188 daAuts
